 Dungeon Crawl Stone Soup version 0.23.2-30-g0e89c35 (webtiles) character file.

Game seed: 13215925783159704074

1465 Fang the Skirmisher (level 8, -8/52 HPs)
             Began as a Gargoyle Berserker on June 7, 2019.
             Was a Priest of Trog.
             Killed by divine providence
             ... invoked by an orc priest
              (12 damage)
             ... on level 6 of the Dungeon.
             The game lasted 00:03:29 (4292 turns).

Fang the Skirmisher (Gargoyle Berserker)            Turns: 4292, Time: 00:03:29

Health: -8/52      AC: 18    Str: 23    XL:     8   Next: 77%
Magic:  8/8        EV:  8    Int:  8    God:    Trog [***...]
Gold:   237        SH:  0    Dex:  9    Spells: 7/7 levels left

rFire    . . .     SeeInvis .   a - +0 hand axe
rCold    . . .     Gourm    .   (no shield)
rNeg     + . .     Faith    .   b - +0 plate armour
rPois    ∞         Spirit   .   (no helmet)
rElec    +         Reflect  .   (no cloak)
rCorr    .         Harm     .   (no gloves)
MR       .....                  (no boots)
Stlth    ..........             (no amulet)
HPRegen  0.17/turn              t - ring of flight
MPRegen  0.11/turn              (no ring)

@: berserk cooldown, slowed, very slow
A: negative energy resistance 1, electricity resistance, unbreathing,
petrification resistance, rot immunity, AC +5
a: Berserk, Trog's Hand, Renounce Religion, Evoke Flight


You were on level 6 of the Dungeon.
You worshipped Trog.
Trog was most pleased with you.
You were very hungry.

You visited 2 branches of the dungeon, and saw 7 of its levels.

You collected 237 gold pieces.

Inventory:

Hand Weapons
 a - a +0 hand axe (weapon)
Armour
 b - a +0 plate armour (worn)
Jewellery
 t - a ring of flight (left hand)
Scrolls
 d - 7 scrolls of teleportation {unknown}
 e - a scroll of fear {unknown}
 h - 5 scrolls of remove curse {unknown}
 i - 2 scrolls of identify {unknown}
 k - 2 scrolls of immolation {unknown}
 n - a scroll of enchant weapon {unknown}
 o - a scroll of magic mapping {unknown}
 r - 2 scrolls of enchant armour {unknown}
 s - 2 scrolls of blinking {unknown}
Potions
 f - a potion of haste {unknown}
 g - a potion of lignification {unknown}
 j - 4 potions of heal wounds {unknown}
 l - 2 potions of might {unknown}
 m - a potion of agility {unknown}
 p - a potion of flight {unknown}
 q - 2 potions of curing {unknown}
 u - a potion of cancellation {unknown}
Comestibles
 c - 15 rations
 v - a chunk of flesh


   Skills:
 + Level 6.6 Fighting
 + Level 5.5 Axes
 + Level 6.1 Armour
 + Level 4.6 Dodging


You had 7 spell levels left.
You didn't know any spells.
Your spell library was empty.

Dungeon Overview and Level Annotations

Branches:
Dungeon (6/15)             Temple (1/1) D:5

Altars:
Cheibriados
Elyvilon
Fedhas
Hepliaklqana
Kikubaaqudgha
Makhleb
Okawaru
Ru
Sif Muna
Trog
Xom
Yredelemnul


Innate Abilities, Weirdness & Mutations

You are resistant to torment.
Your stone body is resilient. (AC +5)
You are immune to poison.
You resist negative energy. (rN+)
You are resistant to electric shocks. (rElec)
You can survive without breathing.
You are immune to petrification.
You are immune to rotting.


Message History

You slash something! Trog accepts your kill.
Trog appreciates your killing of a magic user.
Reactivating autopickup.
You feel a bit more experienced.
You hit the orc priest but do no damage.
The orc priest hits you but does no damage.
Items here: )) [[ † a +0 dagger; a +0 robe; a +0 dagger; a +0 leather armour; an orc corpse You feel a strong urge to attack something.
The orc priest calls down the wrath of Beogh upon you.
Beogh smites you!
* * * LOW HITPOINT WARNING * * *
You are no longer berserk.
You are exhausted.
You feel yourself slow down.
Found a fizzy grey potion.
The orc priest invokes the aid of Beogh against you.
Beogh smites you!
You die...

# .. ## ## .. .# #.#
#.. #.##.###.####
#.# .##.....#......
#.# ...!...@.......
#.# #######o.######
#.# #..# #.# #..#
#[# #..# ####.##
#))#
......##########..##
###.(..............#
#......#######.>.#


You could see an orc priest.

Vanquished Creatures
  Pikel (D:4)
  Sigmund (D:4)
  4 slaves (D:4)
  A sky beast (D:5)
  2 centaurs
  A bullfrog (D:6)
  A scorpion (D:5)
  A howler monkey (D:5)
  2 centaur zombies
  A bullfrog zombie (D:5)
  A hound (D:4)
  A jelly (D:4)
  2 orc priests (D:4)
  An orc wizard (D:6)
  A worker ant (D:6)
  3 gnolls (D:2)
  9 adders
  A shadow imp (D:5)
  2 oozes
  3 worms
  A dart slug (D:3)
  4 leopard geckos
  6 orcs
  13 bats
  4 giant cockroaches
  6 goblins
  6 hobgoblins
  8 jackals
  A quokka (D:2)
  2 frilled lizards
  A giant cockroach zombie (D:5)
  A jackal skeleton (D:4)
  5 kobolds
  5 rats
102 creatures vanquished.

Vanquished Creatures (others)
  A bat (D:1)
1 creature vanquished.

Grand Total: 103 creatures vanquished

Notes
Turn   | Place    | Note
-------+----------+-------------------------------------------
     0 | D:1      | Fang the Gargoyle Berserker began the quest for the Orb.
     0 | D:1      | Reached XP level 1. HP: 14/14 MP: 1/1
   117 | D:1      | Reached XP level 2. HP: 18/19 MP: 2/2
   927 | D:2      | Found a sacrificial altar of Ru.
   967 | D:2      | Reached XP level 3. HP: 15/24 MP: 3/3
  1119 | D:2      | Reached XP level 4. HP: 29/29 MP: 4/4
  1187 | D:2      | Reached ** piety under Trog
  1783 | D:3      | Reached XP level 5. HP: 32/33 MP: 5/5
  2316 | D:3      | Found a shimmering altar of Xom.
  2316 | D:3      | Found an iron altar of Okawaru.
  2651 | D:4      | Noticed a slave
  2651 | D:4      | Noticed a slave
  2652 | D:4      | Noticed Pikel
  2652 | D:4      | Noticed a slave
  2652 | D:4      | Noticed a slave
  2660 | D:4      | Killed a slave
  2664 | D:4      | Killed a slave
  2667 | D:4      | Killed a slave
  2670 | D:4      | Killed a slave
  2671 | D:4      | Killed Pikel
  2671 | D:4      | Reached skill level 5 in Fighting
  2671 | D:4      | Reached XP level 6. HP: 40/40 MP: 6/6
  2671 | D:4      | Reached XP level 7. HP: 44/44 MP: 7/7
  2931 | D:4      | Reached skill level 5 in Armour
  3088 | D:4      | Noticed Sigmund
  3098 | D:4      | Killed Sigmund
  3098 | D:4      | Reached XP level 8. HP: 51/51 MP: 8/8
  3317 | D:5      | Entered Level 5 of the Dungeon
  3366 | D:5      | Reached skill level 5 in Axes
  3590 | D:5      | Reached *** piety under Trog
  3734 | D:5      | Found a staircase to the Ecumenical Temple.
  3766 | Temple   | Entered the Ecumenical Temple
  4292 | D:6      | Killed from afar by an orc priest

Skill      XL: |  1  2  3  4  5  6  7  8 |
---------------+-------------------------+-----
Axes           | 3 4 5 |  5.5
Dodging        | 2 3 4 |  4.6
Armour         | 3 4 5 6 |  6.1
Fighting       | 4 5 6 |  6.6

Action                   |  1- 3 |  4- 6 |  7- 9 || total
-------------------------+-------+-------+-------++-------
Melee: Hand axe          |   100 |   179 |   203 ||   482
Invok: Berserk           |     1 |     1 |     4 ||     6
       Trog's Hand       |       |       |     1 ||     1
  Eat: Chunk             |     1 |     6 |     9 ||    16
Armor: Animal skin       |     7 |       |       ||     7
       Plate armour      |    62 |   160 |   183 ||   405
Dodge: Dodged            |    41 |    74 |    90 ||   205
